 Dungeon Crawl Stone Soup version 0.28.0-53-g5a82cb258f (webtiles) character file.

Game seed: 14397783005426192967

857 H0rd4k the Charlatan (level 8, -5/60 HPs)
             Began as a Human Artificer on July 27, 2022.
             Was an Initiate of Gozag.
             Slain by a phantom (8 damage)
             ... on level 5 of the Dungeon.
             The game lasted 00:05:49 (6609 turns).

H0rd4k the Charlatan (Human Artificer)              Turns: 6609, Time: 00:05:50

Health: -5/60      AC:  3    Str: 12    XL:     8   Next: 22%
Magic:  8/8        EV: 12    Int: 20    God:    Gozag
Gold:   223        SH:  0    Dex: 14    Spells: 7/7 levels left

rFire   . . .      SeeInvis .   c - +1 mace (drain)
rCold   . . .      Faith    +   (no shield)
rNeg    . . .      Spirit   .   b - +0 leather armour
rPois   +          Reflect  .   (no helmet)
rElec   .          Harm     .   (no cloak)
rCorr   .          Rampage  .   (no gloves)
Will    .....                   (no boots)
Stlth   +.........              j - amulet of faith
HPRegen 0.20/turn               o - ring of poison resistance
MPRegen 0.11/turn               i - +6 ring of intelligence

@: no status effects
A: no striking features
a: Renounce Religion, Potion Petition, Call Merchant, Bribe Branch


You were on level 5 of the Dungeon.
You worshipped Gozag.
Gozag was aware of your devotion.
You visited 2 branches of the dungeon, and saw 6 of its levels.

You collected 274 gold pieces.
You paid 51 gold pieces to Gozag.

Inventory:

Hand Weapons
 a - a +0 club
 c - a +1 mace of draining (weapon)
Missiles
 m - 11 poisoned darts
Armour
 b - a +0 leather armour (worn)
Jewellery
 g - a ring of flight
 i - a +6 ring of intelligence (right hand)
 j - an amulet of faith (around neck)
 o - a ring of poison resistance (left hand)
Wands
 d - a wand of charming (12)
 h - a wand of iceblast (1)
 n - a wand of acid (1)
 q - a wand of paralysis (7)
Scrolls
 f - 4 scrolls of identify {unknown}
 l - a scroll of fog {unknown}
 r - a scroll of magic mapping {unknown}
 s - a scroll of enchant weapon {unknown}
Potions
 k - a potion of flight
 p - 2 potions of attraction {unknown}
Miscellaneous
 e - a piece from Xom's chessboard (15/15)


   Skills:
 + Level 3.8 Fighting
 + Level 5.4 Maces & Flails
 - Level 2.0 Armour
 + Level 3.1 Dodging
 - Level 1.0 Stealth
 + Level 5.4 Evocations


You had 7 spell levels left.
You didn't know any spells.
Your spell library was empty.

Dungeon Overview and Level Annotations

Branches:
Dungeon (5/15)             Temple (1/1) D:5

Altars:
Ashenzari
Elyvilon
Fedhas
Gozag
Hepliaklqana
Kikubaaqudgha
Makhleb
Nemelex Xobeh
Okawaru
Ru
Sif Muna
Trog
Uskayaw
Vehumet
Wu Jian
Xom
Yredelemnul
Zin
The Shining One

Shops:
D:3 !   D:4 *


Message History

The phantom hits you but does no damage.
You barely miss the phantom.
The phantom is severely damaged.
The phantom hits you.
The phantom blinks!
You blink.
You are too injured to fight recklessly!
You are too injured to fight recklessly!
You are too injured to fight recklessly!
You are too injured to fight recklessly!
You are too injured to fight recklessly!
You are too injured to fight recklessly!
You hit the phantom.
The phantom is severely damaged.
The phantom hits you! x2
* * * LOW HITPOINT WARNING * * *
You closely miss the phantom.
The phantom is severely damaged.
The phantom hits you but does no damage.
You hit the phantom.
The phantom is almost destroyed.
The phantom hits you.
* * * LOW HITPOINT WARNING * * *
The phantom blinks!
You blink.
The phantom closely misses you.
You miss the phantom.
The phantom is almost destroyed.
The phantom barely misses you.
You hit the phantom.
The phantom is almost destroyed.
The phantom hits you but does no damage.
You hit the phantom but do no damage.
The phantom is almost destroyed.
The phantom hits you!
* * * LOW HITPOINT WARNING * * *
You barely miss the phantom.
The phantom is almost destroyed.
The phantom hits you.
* * * LOW HITPOINT WARNING * * *
The phantom hits you!
You die...
Your body crumbles into a pile of gold.

###########
#.........## #### .#
##..<.......###..#
...##.......W.......##
...........@........#
....................#
#.................#
####..............#
#..............#
##............##
#>..........##
#..........##
....#####..#


You could see a phantom.

Vanquished Creatures
  A water moccasin (D:5)
  A sky beast (D:5)
  An ogre (D:4)
  2 centaurs (D:5)
  2 scorpions
  A howler monkey (D:4)
  2 hounds (D:5)
  A bullfrog skeleton (D:5)
  A jelly (D:5)
  An iguana (D:4)
  An orc wizard (D:4)
  A hound zombie (D:5)
  An adder (D:2)
  A shadow imp (D:5)
  An adder skeleton (D:4)
  2 worms
  3 dart slugs
  3 orcs
  6 ball pythons
  4 endoplasms
  6 giant cockroaches
  4 goblins
  3 hobgoblins
  3 jackals (D:1)
  3 quokkas
  5 bats
  A frilled lizard (D:1)
  A kobold (D:1)
  6 rats
68 creatures vanquished.

Vanquished Creatures (collateral kills)
  A goblin (D:4)
1 creature vanquished.

Vanquished Creatures (others)
  An orc priest (D:4)
  An iguana (D:4)
2 creatures vanquished.

Grand Total: 71 creatures vanquished

Notes
Turn   | Place    | Note
-------+----------+-------------------------------------------
     0 | D:1      | H0rd4k the Human Artificer began the quest for the Orb.
     0 | D:1      | Reached XP level 1. HP: 15/15 MP: 1/1
   334 | D:1      | Reached XP level 2. HP: 21/21 MP: 2/2
   552 | D:1      | Found a faded altar of an unknown god.
   959 | D:1      | Reached XP level 3. HP: 24/26 MP: 3/3
  1780 | D:2      | Reached skill level 1 in Maces & Flails
  1966 | D:2      | Reached XP level 4. HP: 32/32 MP: 4/4
  2236 | D:3      | Found Elegiam's Distillery.
  2473 | D:3      | Found a burning altar of Makhleb.
  2931 | D:4      | Found Buumut's Assorted Antiques.
  3144 | D:4      | Reached XP level 5. HP: 14/38 MP: 5/5
  3593 | D:4      | Reached XP level 6. HP: 8/46 MP: 6/6
  4040 | D:4      | Noticed an ogre
  4047 | D:4      | Killed an ogre
  4558 | D:5      | Entered Level 5 of the Dungeon
  4567 | D:5      | Reached XP level 7. HP: 19/51 MP: 7/7
  4832 | D:5      | Found a staircase to the Ecumenical Temple.
  4854 | Temple   | Entered the Ecumenical Temple
  5094 | Temple   | Became a worshipper of Gozag Ym Sagoz the Greedy
  5506 | D:5      | Noticed a water moccasin
  5512 | D:5      | Killed a water moccasin
  5637 | D:5      | Reached skill level 5 in Evocations
  5675 | D:5      | Reached skill level 5 in Maces & Flails
  5675 | D:5      | Reached XP level 8. HP: 8/58 MP: 8/8
  6609 | D:5      | HP: 3/60 [phantom (2)]
  6609 | D:5      | Slain by a phantom

Illustrated notes

Levels and vault maps discovered:
D:1:      minmay_arrival_hallway, layout_loops_corners,
          shapermc_ecumenical_altar_acropolis
D:2:      layout_rooms
D:3:      layout_loops_ring, mainiacjoe_overflow_brackets, serial_shops,
          nicolae_shop_advertising_works [nicolae_subvault_shop_adworks],
          chequers_avenue
D:4:      layout_cave_pods, serial_shops, nicolae_stop_n_shop_2
D:5:      wad_crossroads, layout_cave_pods, minmay_temple_entry_large_hall
Temple:   dpeg_five_rooms_temple

Skill      XL: |  1  2  3  4  5  6  7  8 |
---------------+-------------------------+-----
Evocations     | 4 5 |  5.4
Maces & Flails | 1 2 3 4 5 |  5.4
Fighting       | 2 3 |  3.8
Dodging        | 2 3 |  3.1
Armour         | |  2.0
Stealth        | |  1.0

Action                   |  1- 3 |  4- 6 |  7- 9 || total
-------------------------+-------+-------+-------++-------
Melee: Club              |   127 |    59 |       ||   186
       Punch             |     3 |       |       ||     3
       Mace              |       |    12 |    76 ||    88
Evoke: Wand              |     5 |    19 |     7 ||    31
  Use: Potion            |       |     2 |       ||     2
 Stab: Sleeping          |     2 |     2 |     1 ||     5
Armor: Leather armour    |    41 |    21 |    24 ||    86
Dodge: Dodged            |    98 |    42 |    44 ||   184
